 Dungeon Crawl Stone Soup version 0.31-a0-175-g9f7f995f2b (webtiles) character file.

Game seed: 10513645298804758928

2630 qw the Cleaver (level 9, -1/56 HPs)
             Began as a Gargoyle Fighter on June 16, 2023.
             Was a Believer of Okawaru.
             Slain by an orc priest
             ... wielding a +0 mace
              (5 damage)
             ... on level 7 of the Dungeon.
             The game lasted 00:02:34 (5896 turns).

qw the Cleaver (Gargoyle Fighter)                   Turns: 5896, Time: 00:02:34

Health: -1/56      AC: 23    Str: 24    XL:     9   Next: 61%
Magic:  12/12      EV:  8    Int:  9    God:    Okawaru [**....]
Gold:   371        SH:  6    Dex:  9    Spells: 8/8 levels left

rFire   + . .        Y - +0 war axe
rCold   . . .        c - +0 buckler
rNeg    + . .        e - +0 plate armour
rPois   inf          (no helmet)
rElec   +            j - scarf {repulsion}
rCorr   +            l - +1 pair of gloves
SInv    .            (no boots)
Will    .....        (no amulet) Stlth
                     p - ring of resist corrosion
HPRegen 0.29/turn    f - ring of protection from fire
MPRegen 0.13/turn

%: repel missiles
@: heroic
A: sickness immunity, AC +6, negative energy resistance 1, electricity
resistance, torment resistance 1, petrification resistance
a: Renounce Religion, Heroism


You were on level 7 of the Dungeon.
You worshipped Okawaru.
Okawaru was pleased with you.
You visited 2 branches of the dungeon, and saw 8 of its levels.

You collected 371 gold pieces.


Innate Abilities, Weirdness & Mutations

You are immune to sickness and miasma.
Your stone body is resilient. (AC +6)
You are immune to poison.
You resist negative energy. (rN+)
You are resistant to electric shocks. (rElec)
You are resistant to unholy torment.
You are immune to petrification.


   Skills:
 + Level 6.7(11.7) Fighting
 - Level 9.0(14.0) Axes
 - Level 5.2(10.2) Armour
 - Level 1.0(6.0) Dodging
 - Level 4.9(9.9) Shields
 - Level 4.0 Invocations


You had 8 spell levels left.
You didn't know any spells.
Your spell library was empty.

Inventory:

Hand Weapons
 i - a +1 flail of protection
 Y - a +0 war axe (weapon)
Armour
 c - a +0 buckler (worn)
 e - a +0 plate armour (worn)
 j - a scarf of repulsion (worn)
 l - a +1 pair of gloves (worn)
Jewellery
 f - a ring of protection from fire (right hand)
 n - a ring of resist corrosion
 p - a ring of resist corrosion (left hand)
Scrolls
 a - 2 scrolls of identify
 o - a scroll of enchant weapon {unknown}
Potions
 b - a potion of haste {unknown}
 d - 2 potions of might
 g - 4 potions of lignification
 h - a potion of attraction
 k - a potion of magic {unknown}
 q - a potion of invisibility {unknown}
 s - a potion of curing

Dungeon Overview and Level Annotations

Branches:
Dungeon (7/15)             Temple (1/1) D:4

Altars:
Ashenzari
Cheibriados
Dithmenos
Elyvilon
Fedhas
Gozag
Hepliaklqana
Kikubaaqudgha
Makhleb
Nemelex Xobeh
Okawaru
Qazlal
Ru
Sif Muna
Trog
Uskayaw
Vehumet
Wu Jian
Xom
Yredelemnul
Zin
The Shining One

Shops:
D:4 :


Message History

The yak is severely wounded.
You barely miss the yak. The yak gores you! The yak gores you.
You barely miss the yak.
The yak is severely wounded.
You slash the yak!
The yak gores you but does no damage. x2
You slash the yak!
The yak is almost dead.
You slash the yak! The yak gores you. The yak gores you but does no damage.
You slash the yak!
You kill the yak!
Okawaru accepts your kill.
You hit the yak.
You kill the yak!
Okawaru accepts your kill.
Your base Shields skill increases to level 4!
You block the yak's attack.
Things that are here:
a yak corpse; a yak corpse
Enter note:
Enter note: You slash the yak!
The yak is moderately wounded.
The yak gores you but does no damage.
You hit the yak.
The yak is heavily wounded.
The yak gores you!
You slice the yak!!
The yak is almost dead.
The yak gores you but does no damage.
You hit the yak but do no damage.
The yak is almost dead.
The yak gores you but does no damage.
You slash the yak!
You kill the yak!
Okawaru accepts your kill. The orc priest hits you with a +0 mace.
You die...

#. #.###.#.
#.#####.......
#.............
##....#....).. #
###...#.####.##
#.#####.......#
#.#
#...?.........#
#.#
####.%........#
#.#
#@####...##.....#
#o# #...# .#####
#o# ##### .# #o.
###


You could see an orc priest and 2 orcs.

Vanquished Creatures
  Sigmund (D:5)
  6 yaks (D:7)
  A steam dragon (D:7)
  A water moccasin (D:7)
  An orc warrior (D:6)
  A black bear (D:5)
  2 ogres (D:5)
  A phantom (D:5)
  A bullfrog (D:7)
  A scorpion (D:7)
  3 wights (D:7)
  3 orc priests (D:4)
  2 jellies
  2 sleepcaps
  7 iguanas
  5 orc wizards
  6 adders
  A white imp (D:7)
  An ufetubus (D:6)
  4 dart slugs
  17 orcs
  4 ball pythons
  9 endoplasms
  A giant cockroach (D:3)
  5 goblins
  7 hobgoblins
  3 jackals (D:1)
  6 kobolds
  2 quokkas
  7 bats
  3 frilled lizards (D:1)
  3 rats
117 creatures vanquished.

Notes
Turn   | Place    | Note
-------+----------+-------------------------------------------
     0 | D:1      | qw the Gargoyle Fighter began the quest for the Orb.
     0 | D:1      | Reached XP level 1. HP: 14/14 MP: 1/1
     0 | D:1      | 0 ||| qw: Version: 0.2-a-29-g511e9b1
     0 | D:1      | 0 ||| qw: Game counter: 16
     0 | D:1      | 0 ||| qw: Always use a shield: true
     0 | D:1      | 0 ||| qw: God list: Okawaru
     0 | D:1      | 0 ||| qw: Allow faded altars: false
     0 | D:1      | 0 ||| qw: Do Orc after D:15 true
     0 | D:1      | 0 ||| qw: Do second Lair branch before Depths: true
     0 | D:1      | 0 ||| qw: Lair rune preference: random
     0 | D:1      | 0 ||| qw: Plans: Normal, Zot:1-4, Slime:5, God:TSO, Crypt,
                  | Tomb, Abyss, Pan, Hells, Win
     0 | D:1      | 0 ||| PLANNING D:1-11
    46 | D:1      | Reached skill level 2 in Axes
   112 | D:1      | 112 ||| Stepping ~*~*~tactically~*~*~ (stealth).
   165 | D:1      | Reached XP level 2. HP: 19/19 MP: 2/2
   573 | D:1      | Reached skill level 3 in Axes
   574 | D:1      | Reached XP level 3. HP: 21/23 MP: 3/3
   919 | D:1      | 919 ||| UPGRADING to +0 pair of gloves.
   924 | D:1      | 924 ||| UPGRADING to ring of resist corrosion.
   925 | D:1      | 925 ||| READING scroll labelled YGUNKEOVVU.
   926 | D:1      | 926 ||| READING scroll labelled PUVYNT VEOXZO.
   927 | D:1      | 927 ||| READING scroll labelled MICKUUGGEA.
   928 | D:1      | 928 ||| READING scroll labelled BEW PUGUNEG.
   929 | D:1      | 929 ||| DRINKING 3 amethyst potions.
  1240 | D:2      | 1240 ||| DROPPING +0 whip.
  1335 | D:2      | You fall into a shaft and drop 2 floors!
  1336 | D:4      | 1336 ||| READING 2 scrolls labelled MEH HIG WOI.
  1337 | D:4      | 1337 ||| READING scroll labelled ZAN NAXUOMURCH.
  1338 | D:4      | 1338 ||| READING scroll labelled SECVOK BEUCIA.
  1352 | D:4      | 1352 ||| DRINKING 2 cyan potions.
  1402 | D:3      | 1402 ||| Stepping ~*~*~tactically~*~*~ (stealth).
  1437 | D:3      | 1437 ||| Stepping ~*~*~tactically~*~*~ (stealth).
  1438 | D:3      | 1438 ||| Stepping ~*~*~tactically~*~*~ (stealth).
  1476 | D:3      | Reached XP level 4. HP: 28/28 MP: 4/4
  1528 | D:3      | 1528 ||| Stepping ~*~*~tactically~*~*~ (hiding).
  1548 | D:3      | Found an opulent altar of Gozag.
  1605 | D:3      | Found a faded altar of an unknown god.
  1607 | D:3      | 1607 ||| Stepping ~*~*~tactically~*~*~ (hiding).
  1648 | D:3      | Reached skill level 4 in Axes
  1888 | D:2      | 1888 ||| READING scroll labelled WUIFRE EBLEE.
  1889 | D:2      | 1889 ||| DRINKING 2 puce potions.
  2061 | D:3      | 2061 ||| READING scroll of enchant armour.
  2061 | D:3      | 2061 ||| ENCHANTING +0 pair of gloves.
  2358 | D:4      | Found Cuddedi's Vocational Training.
  2384 | D:4      | 2384 ||| DRINKING potion of curing.
  2384 | D:4      | 2384 ||| (to cure confusion)
  2388 | D:4      | Reached XP level 5. HP: 25/32 MP: 5/5
  2399 | D:4      | Reached skill level 5 in Axes
  2479 | D:4      | 2479 ||| DROPPING +0 mace of protection.
  2482 | D:4      | 2482 ||| DROPPING +0 flail.
  2505 | D:4      | Found a glowing golden altar of the Shining One.
  2641 | D:4      | Found a staircase to the Ecumenical Temple.
  2642 | D:4      | 2642 ||| PLANNING TEMPLE
  2642 | D:4      | 2642 ||| DRINKING 2 viscous amethyst potions.
  2643 | D:4      | 2643 ||| READING 2 scrolls of identify.
  2643 | D:4      | 2643 ||| IDENTIFYING murky pink potion
  2644 | D:4      | 2644 ||| DROPPING potion of ambrosia.
  2658 | Temple   | Entered the Ecumenical Temple
  3058 | Temple   | 3058 ||| PLANNING D:1-11
  3227 | D:4      | Found an iron altar of Okawaru.
  3228 | D:4      | 3228 ||| PLANNING OKAWARU WORSHIP
  3228 | D:4      | 3228 ||| READING scroll labelled DITOLA QASIGOPP.
  3231 | D:4      | Found a shimmering altar of Xom.
  3236 | D:4      | Became a worshipper of Warmaster Okawaru
  3237 | D:4      | 3237 ||| PLANNING D:1-11
  3245 | D:4      | Found a blossoming altar of Fedhas.
  3248 | D:4      | Found a hide-covered altar of Uskayaw.
  3250 | D:4      | Found a shadowy altar of Dithmenos.
  3255 | D:4      | Found a burning altar of Makhleb.
  3374 | D:4      | Reached XP level 6. HP: 35/38 MP: 6/6
  3468 | D:4      | Reached skill level 1 in Dodging
  3857 | D:4      | 3857 ||| UPGRADING to +0 chain mail.
  3867 | D:4      | 3867 ||| DROPPING +0 scale mail.
  3868 | D:4      | 3868 ||| READING 3 scrolls of identify.
  3868 | D:4      | 3868 ||| IDENTIFYING glowing grey potion
  3869 | D:4      | 3869 ||| READING 2 scrolls of identify.
  3869 | D:4      | 3869 ||| IDENTIFYING murky blue potion
  3870 | D:4      | 3870 ||| DROPPING potion of degeneration.
  3871 | D:4      | 3871 ||| DROPPING potion of brilliance.
  3918 | D:5      | Entered Level 5 of the Dungeon
  4003 | D:5      | Noticed Sigmund
  4024 | D:5      | 4024 ||| DRINKING 2 potions of curing.
  4024 | D:5      | 4024 ||| (to cure confusion)
  4028 | D:5      | 4028 ||| DRINKING potion of curing.
  4028 | D:5      | 4028 ||| (to cure confusion)
  4034 | D:5      | Killed Sigmund
  4034 | D:5      | Reached * piety under Okawaru
  4035 | D:5      | Reached skill level 6 in Axes
  4035 | D:5      | Reached XP level 7. HP: 39/43 MP: 7/7
  4102 | D:5      | Reached skill level 1 in Invocations
  4148 | D:5      | 4148 ||| INVOKING Heroism.
  4214 | D:5      | Identified the +7 sling of Extremism {speed, Dex+2}
  4320 | D:5      | 4320 ||| INVOKING Heroism.
  4331 | D:5      | Reached skill level 7 in Axes
  4347 | D:5      | 4347 ||| FLEEEEING.
  4348 | D:5      | 4348 ||| FLEEEEING.
  4350 | D:5      | 4350 ||| FLEEEEING.
  4351 | D:5      | 4351 ||| FLEEEEING.
  4352 | D:5      | 4352 ||| FLEEEEING.
  4353 | D:5      | 4353 ||| FLEEEEING.
  4354 | D:5      | 4354 ||| FLEEEEING.
  4355 | D:5      | 4355 ||| FLEEEEING.
  4356 | D:5      | 4356 ||| FLEEEEING.
  4399 | D:5      | 4399 ||| INVOKING Heroism.
  4543 | D:5      | 4543 ||| INVOKING Heroism.
  4554 | D:5      | Reached skill level 3 in Invocations
  4554 | D:5      | Reached XP level 8. HP: 46/48 MP: 8/10
  4760 | D:5      | 4760 ||| INVOKING Heroism.
  4925 | D:5      | 4925 ||| UPGRADING to scarf of repulsion.
  4930 | D:5      | 4930 ||| UPGRADING to ring of protection from fire.
  4931 | D:5      | 4931 ||| READING scroll labelled WIAJURGH KOMP.
  4932 | D:5      | 4932 ||| READING scroll labelled EHE ZAUDUPIO.
  4978 | D:6      | Found a stormy altar of Qazlal.
  5040 | D:6      | 5040 ||| INVOKING Heroism.
  5205 | D:6      | 5205 ||| INVOKING Heroism.
  5269 | D:6      | Found a glowing silver altar of Zin.
  5497 | D:6      | 5497 ||| UPGRADING to +0 plate armour.
  5507 | D:6      | 5507 ||| DROPPING +0 chain mail.
  5508 | D:6      | 5508 ||| READING scroll labelled ASISHO XASS.
  5654 | D:7      | 5654 ||| Stepping ~*~*~tactically~*~*~ (hiding).
  5658 | D:7      | 5658 ||| INVOKING Heroism.
  5667 | D:7      | Reached skill level 8 in Axes
  5749 | D:7      | 5749 ||| Stepping ~*~*~tactically~*~*~ (hiding).
  5763 | D:7      | Reached skill level 6 in Fighting
  5770 | D:7      | Reached XP level 9. HP: 49/55 MP: 12/12
  5833 | D:7      | 5833 ||| Stepping ~*~*~tactically~*~*~ (stealth).
  5871 | D:7      | Reached ** piety under Okawaru
  5875 | D:7      | 5875 ||| INVOKING Heroism.
  5879 | D:7      | HP: 13/55 [orc priest/divine providence (12)]
  5880 | D:7      | Reached skill level 9 in Axes
  5880 | D:7      | 5880 ||| DRINKING 2 potions of heal wounds.
  5882 | D:7      | 5882 ||| DRINKING potion of heal wounds.
  5888 | D:7      | HP: 12/55 [yak (5)]
  5892 | D:7      | HP: 3/55 [yak (10)]
  5896 | D:7      | Slain by an orc priest

Levels and vault maps discovered:
D:1:      wander_arrival_lonely_grave, layout_loops_ring, serial_aquarium,
          aquarium_bridge_square [aquarium_subvault_bridge,
          aquarium_subvault_bridge, aquarium_subvault_window,
          aquarium_subvault_wall], aquarium_window_1, aquarium_window_fake,
          aquarium_view_2g, aquarium_view_2e, aquarium_balcony_3a, minivault_23,
          minmay_split_cup_small
D:2:      layout_loops_cross
D:3:      layout_basic, marbit_many_paths,
          shapermc_ecumenical_altar_starsandcircs
D:4:      layout_basic, mainiacjoe_overflow_six_doors_small,
          nicolae_overflow_hallway_of_the_gods, temple_pool_b,
          nicolae_shop_vocational
D:5:      layout_basic, uniq_sigmund
D:6:      layout_rooms, amcnicky_altar_gilded, lemuel_tele_altar
D:7:      layout_loops_ring
Temple:   hc_temple_tempest_star

Skill      XL: |  1  2  3  4  5  6  7  8  9 |
---------------+----------------------------+-----
Axes           | 2 3 4 5 6 7 8 9 |  9.0
Fighting       | 4 6 |  6.7
Dodging        | 1 |  1.0
Invocations    | 3 4 |  4.0
Armour         | 4 5 |  5.2
Shields        | 4 |  4.9

Action                     |  1- 3 |  4- 6 |  7- 9 || total
---------------------------+-------+-------+-------++-------
  Melee: War axe           |    83 |   103 |   211 ||   397
  Throw: Boomerang         |    25 |     4 |       ||    29
 Invoke: Heroism           |       |       |     9 ||     9
    Use: Scroll            |     7 |     6 |     3 ||    16
         Potion            |     2 |     5 |     2 ||     9
 Armour: Scale mail        |    55 |    45 |       ||   100
         Chain mail        |       |    20 |    78 ||    98
         Plate armour      |       |       |    73 ||    73
  Dodge: Dodged            |    35 |    35 |    89 ||   159
  Block: Buckler           |    15 |    10 |    51 ||    76

Table legend:
 A = Non-vault XP
 B = Vault XP
 C = Vault XP percentage of total XP
 D = Non-vault monster count
 E = Vault monster count
 F = Vault count percentage of total count
                 A         B        C        D         E       F
            +---------+---------+-------+---------+---------+-------
      Total |    3512 |     246 |   6.5 |     112 |       5 |   4.3
            +---------+---------+-------+---------+---------+-------
        D:1 |      35 |       5 |  12.5 |      21 |       3 |  12.5
        D:2 |       7 |       0 |   0.0 |       4 |       0 |   0.0
        D:3 |      70 |       2 |   2.8 |      20 |       1 |   4.8
        D:4 |     267 |       0 |   0.0 |      20 |       0 |   0.0
        D:5 |     719 |     239 |  24.9 |      18 |       1 |   5.3
        D:6 |     374 |       0 |   0.0 |      11 |       0 |   0.0
        D:7 |    2040 |       0 |   0.0 |      18 |       0 |   0.0
            +---------+---------+-------+---------+---------+-------
